 Dungeon Crawl Stone Soup version 0.19-a0-1803-g97ff39f (webtiles) character file.

988 Proteus the Covert (level 7, -2/33 HPs)
             Began as a Spriggan Assassin on Oct 5, 2016.
             Was a Believer of Trog.
             Killed from afar by an orc wizard (9 damage)
             ... with a puff of flame
             ... on level 4 of the Dungeon.
             The game lasted 00:09:38 (4124 turns).

Proteus the Covert (Spriggan Assassin)              Turns: 4124, Time: 00:09:39

Health: -2/33      AC:  3    Str:  7    XL:     7   Next: 97%
Magic:  7/7        EV: 17    Int: 10    God:    Trog [**....]
Gold:   232        SH:  0    Dex: 20    Spells: 0 memorised, 6 levels left

rFire  . . .     SeeInvis +     h - +1 dagger (elec)
rCold  . . .     Gourm    .     c - +0 robe
rNeg   . . .     Faith    .     (shield restricted)
rPois  .         Spirit   .     (helmet restricted)
rElec  .         Dismiss  .     d - +1 cloak
rCorr  +         Reflect  .     (gloves unavailable)
MR     +....     Harm     .     (boots unavailable)
Stlth  ++++++....               (no amulet)
                                (no ring)
                                l - ring of resist corrosion

@: very quick
A: unfitting armour, see invisible, deformed body, dopey 1, herbivore 3, speed
3, low mp 1, slow metabolism 2
a: Berserk, Trog's Hand, Burn Spellbooks, Renounce Religion


You were on level 4 of the Dungeon.
You worshipped Trog.
Trog was pleased with you.
You were hungry.

You visited 1 branch of the dungeon, and saw 4 of its levels.

You collected 232 gold pieces.

Inventory:

Hand Weapons
 a - a +2 dagger
 b - a +0 blowgun
 h - a +1 dagger of electrocution (weapon)
Missiles
 i - 5 poisoned needles
 j - a curare-tipped needle
Armour
 c - a +0 robe (worn)
 d - a +1 cloak (worn)
Jewellery
 l - a ring of resist corrosion (left hand)
Wands
 f - a wand of enslavement (6/24)
Scrolls
 e - a scroll of remove curse
 k - 2 scrolls of identify
Potions
 m - a potion of flight
 n - a potion of might
Comestibles
 g - 2 bread rations
 o - 3 fruits


   Skills:
 - Level 1.5 Fighting
 - Level 2.1 Short Blades
 - Level 2.0 Throwing
 - Level 1.5 Dodging
 + Level 14.5 Stealth


You had 6 spell levels left.
You didn't know any spells.

Dungeon Overview and Level Annotations

Branches:
Dungeon (4/15)
 Temple: D:4-7

Altars:
Kikubaaqudgha
Trog
Yredelemnul

Annotations:
D:4 Dowan, Duvessa


Innate Abilities, Weirdness & Mutations

You are very small and have problems with some larger weapons.
You are too small for most types of armour.
You have supernaturally acute eyesight. (SInv)
You are a herbivore.
You cover ground extremely quickly.
You need consume almost no food.
Armour fits poorly on your strangely shaped body.
You are dopey. (Int -2)
Your magical capacity is low. (-10% MP)


Message History

You are too injured to fight recklessly!
You are too injured to fight recklessly!
Okay, then.
You hit the orc wizard but do no damage.
The orc wizard is almost dead.
The orc wizard mumbles some strange words.
The orc wizard flickers and vanishes for a moment.
The orc misses you. The orc wizard casts a spell at you.
The puff of frost misses you.
You barely miss the orc wizard.
The orc wizard is almost dead.
The orc completely misses you. The orc wizard hits you with a dagger.
* * * LOW HITPOINT WARNING * * *
The orc misses you.
You hit the orc wizard but do no damage.
The orc wizard is almost dead.
The orc wizard casts a spell at you. The puff of flame hits you!
You die...

#.......<..# #..(.......###
#............# ### #[...........#
..# ######.#.....#
..##########.#.....#
......)...##.#.....#
..........##.##..o.##############
..........'.....@o...............
.........(##>...oo...############
.................................
..........##.########.####.######
..##########.# #..# #.#
..##########.# ##.###.#
.............###### #..##.#
#.######........... ##.##.# #)#
#........... #..#.#


You could see an orc wizard (invisible) and 3 orcs.

Vanquished Creatures
  Sigmund (D:2)
  A human (D:2)
  Edmund (D:4)
  A phantom (D:4)
  An ogre (D:4)
  A bullfrog (D:2)
  2 hounds (D:4)
  A jelly (D:4)
  An orc wizard (D:3)
  An orc priest (D:3)
  Ijyb (D:2)
  An iguana (D:4)
  Robin (D:2)
  5 adders
  An adder skeleton (D:3)
  A worm (D:2)
  3 dart slugs
  A leopard gecko (D:3)
  11 orcs
  4 giant cockroaches
  8 hobgoblins
  7 kobolds
  A quokka (D:2)
  9 bats
  4 frilled lizards
  18 goblins
  16 rats
103 creatures vanquished.

Notes
Turn   | Place    | Note
-------+----------+-------------------------------------------
     0 | D:1      | Proteus the Spriggan Assassin began the quest for the Orb.
     0 | D:1      | Reached XP level 1. HP: 10/10 MP: 2/2
    54 | D:1      | Reached skill level 6 in Stealth
   185 | D:1      | Reached XP level 2. HP: 14/14 MP: 3/3
   407 | D:1      | Reached skill level 7 in Stealth
   972 | D:2      | Noticed a moth of wrath
   974 | D:2      | Found a bloodstained altar of Trog.
  1003 | D:2      | Gained mutation: You are dopey. (Int -2) [potion of mutation]
  1003 | D:2      | Gained mutation: Your magical capacity is low. (-10% MP) [potion of mutation]
  1003 | D:2      | Gained mutation: Armour fits poorly on your strangely shaped body. [potion of mutation]
  1007 | D:2      | Reached XP level 3. HP: 5/18 MP: 3/3
  1379 | D:2      | Became a worshipper of Trog the Wrathful
  1430 | D:2      | Found an ancient bone altar of Kikubaaqudgha.
  1576 | D:2      | Noticed Sigmund
  1622 | D:2      | Killed Sigmund
  1622 | D:2      | Reached skill level 10 in Stealth
  1622 | D:2      | Reached XP level 4. HP: 2/22 MP: 4/4
  1622 | D:2      | Reached XP level 5. HP: 3/25 MP: 5/5
  2288 | D:2      | Reached skill level 11 in Stealth
  2288 | D:2      | Reached XP level 6. HP: 26/30 MP: 6/6
  2332 | D:2      | Noticed Robin
  2337 | D:2      | Noticed Ijyb
  2346 | D:2      | HP: 1/30 [Ijyb (4)]
  2363 | D:2      | Noticed a human
  2374 | D:2      | Found a runed door.
  2377 | D:2      | Killed Ijyb
  2378 | D:2      | Found a basalt altar of Yredelemnul.
  2397 | D:2      | Killed Robin
  2397 | D:2      | Reached * piety under Trog
  2577 | D:2      | Killed a human
  2577 | D:2      | Reached skill level 12 in Stealth
  2791 | D:3      | Reached XP level 7. HP: 33/33 MP: 7/7
  3519 | D:4      | Reached ** piety under Trog
  3519 | D:4      | Reached skill level 13 in Stealth
  3550 | D:4      | Noticed Edmund
  3557 | D:4      | Killed Edmund
  3557 | D:4      | Reached skill level 14 in Stealth
  4069 | D:4      | Noticed Duvessa
  4069 | D:4      | Noticed Dowan
  4124 | D:4      | Killed from afar by an orc wizard

Vault maps used:
D:1:      ncdulo_watergridlock
D:2:      tgw_trog, old_standard_altar, dk_yredelemnul_ordeal, uniq_sigmund,
          uniq_iyjb, uniq_robin
D:3:      guppyfry_early_orc_mine
D:4:      first_bread, serial_bayou_lake_a, uniq_duvessa, uniq_edmund

Skill      XL: |  1  2  3  4  5  6  7 |
---------------+----------------------+-----
Stealth        | 6 7 10 11 12 14 | 14.5
Fighting       | |  1.5
Short Blades   | |  2.1
Throwing       | |  2.0
Dodging        | |  1.5

Action                   |  1- 3 |  4- 6 |  7- 9 || total
-------------------------+-------+-------+-------++-------
Melee: Dagger            |    81 |    65 |   121 ||   267
 Fire: Blowgun           |    10 |    15 |     3 ||    28
  Use: Potion            |     3 |     2 |       ||     5
       Scroll            |       |     6 |     2 ||     8
 Stab: Sleeping          |    12 |     4 |    13 ||    29
       Distracted        |     1 |     1 |       ||     2
Armor: Robe              |     6 |    15 |     9 ||    30
Dodge: Dodged            |    50 |   111 |    66 ||   227
